 Dungeon Crawl Stone Soup version 0.22.0-27-ga576289 (webtiles) character file.

7798 rgaf the Cleaver (level 11, -4/99 HPs)
             Began as a Minotaur Gladiator on Aug 23, 2018.
             Was a Priest of Okawaru.
             Slain by a crocodile (11 damage)
             ... on level 10 of the Dungeon.
             The game lasted 00:08:25 (9698 turns).

rgaf the Cleaver (Minotaur Gladiator)               Turns: 9698, Time: 00:08:26

Health: -4/99      AC: 13    Str: 18    XL:     11   Next: 1%
Magic:  14/14      EV:  9    Int:  8    God:    Okawaru [***...]
Gold:   414        SH:  0    Dex: 13    Spells: 10/10 levels left

rFire    . . .     SeeInvis .   a - +0 battleaxe
rCold    . . .     Gourm    .   (shield currently unavailable)
rNeg     . . .     Faith    .   o - +0 chain mail
rPois    +         Spirit   .   c - +0 hat
rElec    .         Reflect  .   t - +1 cloak {MR+}
rCorr    .         Harm     .   (no gloves)
MR       +....                  (no boots)
Stlth    ..........             (no amulet)
HPRegen  0.26/turn              r - ring of poison resistance
MPRegen  0.14/turn              (no ring)

@: no status effects
A: retaliatory headbutt, horns 2
a: Heroism, Renounce Religion


You were on level 10 of the Dungeon.
You worshipped Okawaru.
Okawaru was most pleased with you.
You were hungry.

You visited 2 branches of the dungeon, and saw 11 of its levels.
You also visited: Ossuary.

You collected 540 gold pieces.
You spent 126 gold pieces at shops.

Inventory:

Hand Weapons
 a - a +0 battleaxe (weapon)
Missiles
 d - 4 throwing nets (quivered)
 f - 194 arrows
 u - 92 bolts
Armour
 c - a +0 hat (worn)
 l - a scarf of repulsion
 o - a +0 chain mail (worn)
 t - a +1 cloak of magic resistance (worn)
Jewellery
 b - an uncursed amulet of magic regeneration
 r - a ring of poison resistance (left hand)
 B - a +6 ring of dexterity {unknown}
 D - an uncursed amulet of faith
 H - a +3 ring of strength {unknown}
 M - an uncursed ring of ice {unknown}
 N - an uncursed ring of protection from cold {unknown}
Wands
 g - a wand of acid (3)
 k - a wand of iceblast (8)
 y - a wand of disintegration (15)
 L - a wand of paralysis (2)
Scrolls
 h - a scroll of fog
 j - 4 scrolls of remove curse
 s - 2 scrolls of teleportation
 x - 3 scrolls of magic mapping
 A - a scroll of identify
 G - a scroll of immolation {unknown}
 K - 2 scrolls of enchant weapon
Potions
 i - a potion of haste
 m - 8 potions of curing
 n - a potion of flight
 p - a potion of agility
 q - a potion of might
 v - 2 potions of heal wounds
 w - 4 potions of resistance
 z - 3 potions of lignification
 C - 3 potions of invisibility
 E - 3 potions of brilliance
 J - a potion of ambrosia {unknown}
Comestibles
 e - 13 rations
 F - a chunk of flesh


   Skills:
 + Level 9.8 Fighting
 * Level 13.5 Axes
 - Level 2.0 Throwing
 + Level 9.5 Armour
 - Level 3.2 Dodging
 * Level 5.7 Invocations


You had 10 spell levels left.
You didn't know any spells.
Your spell library was empty.

Dungeon Overview and Level Annotations

Branches:
Dungeon (10/15)            Temple (1/1) D:7            Lair (0/6) D:10
    Orc: D:9-12

Altars:
Ashenzari
Cheibriados
Dithmenos
Elyvilon
Fedhas
Gozag
Hepliaklqana
Kikubaaqudgha
Makhleb
Nemelex Xobeh
Okawaru
Qazlal
Ru
Sif Muna
Trog
Uskayaw
Vehumet
Wu Jian
Xom
Yredelemnul
Zin
The Shining One

Shops:
D:5 [

Annotations:
D:3 1 runed door


Innate Abilities, Weirdness & Mutations

You reflexively headbutt those who attack you in melee.
You have a pair of horns on your head.


Message History

Something hits you but does no damage.
The crocodile bites you but does no damage.
You are too injured to fight recklessly!
Something hits you. The crocodile barely misses you.
You barely miss the crocodile.
The crocodile is almost dead.
You closely miss something. Something hits you! The crocodile bites you!
You hit the crocodile but do no damage. Your headbutt misses the crocodile.
The crocodile is almost dead.
The crocodile bites you! Something hits you.
You closely miss the crocodile.
The crocodile is almost dead.
You miss something. Something hits you. Something hits you but does no damage.
The crocodile bites you but does no damage.
You closely miss the crocodile.
The crocodile is almost dead.
You hit something but do no damage. Something hits you!
* * * LOW HITPOINT WARNING * * *
The crocodile bites you!
You die...

##......♣...♣
#...........
##....♣......
##............ #
#..♣..........
###'######.P......>.....
........##...........P.♣
........##....P...♣.....
.......@'..#..........♣.
......{t#.##..♣......P..
........#.###...........
........#.. ##..P.....P#
........##.. #.........+
........# #..+.........#
........# ###.).......#
........# #...[.....#
######'####


You could see a crocodile.

Vanquished Creatures
  A two-headed ogre (D:9)
  An ugly thing (D:10)
  Maurice (D:10)
  A hornet (D:9)
  A hippogriff (D:8)
  Eustachio (D:6)
  6 yaks (D:10)
  A wraith (Ossuary)
  Menkaure (D:4)
  A water moccasin (D:9)
  3 porcupines (D:10)
  2 orc warriors
  2 ice beasts
  2 phantoms (D:5)
  6 sky beasts
  6 centaurs
  5 ogres
  A hornet zombie (D:7)
  A crocodile (D:10)
  A big kobold (D:9)
  5 bullfrogs
  A gnoll sergeant (D:9)
  3 scorpions
  3 killer bees
  10 wights
  4 hounds
  A jelly (D:9)
  A centaur zombie (D:8)
  2 orc priests
  A centaur skeleton (D:7)
  2 bullfrog skeletons
  4 iguanas
  5 orc wizards
  9 worker ants
  A hound skeleton (D:5)
  A mummy (Ossuary)
  A howler monkey zombie (D:5)
  10 gnolls
  14 adders
  An adder skeleton (D:4)
  3 worms
  6 leopard geckos
  29 orcs
  9 giant cockroaches
  8 goblins
  5 hobgoblins
  6 jackals
  3 quokkas
  3 ball pythons
  5 bats
  4 frilled lizards
  10 gnoll skeletons (Ossuary)
  12 kobolds
  4 kobold skeletons (Ossuary)
  11 orc skeletons (Ossuary)
  4 rats
245 creatures vanquished.

Vanquished Creatures (others)
  2 bushes (D:10)
  5 fungi (D:10)
  12 plants (D:10)
19 creatures vanquished.

Grand Total: 264 creatures vanquished

Notes
Turn   | Place    | Note
-------+----------+-------------------------------------------
     0 | D:1      | rgaf the Minotaur Gladiator began the quest for the Orb.
     0 | D:1      | Reached XP level 1. HP: 18/18 MP: 0/0
   126 | D:1      | Reached skill level 4 in Axes
   126 | D:1      | Reached XP level 2. HP: 21/25 MP: 1/1
   366 | D:1      | Reached skill level 1 in Armour
   729 | D:2      | Reached XP level 3. HP: 21/31 MP: 2/2
  1105 | D:2      | Reached skill level 5 in Axes
  1105 | D:2      | Reached XP level 4. HP: 10/38 MP: 3/3
  1697 | D:3      | Found a sparkling altar of Nemelex Xobeh.
  1878 | D:3      | Reached XP level 5. HP: 39/46 MP: 4/4
  2348 | D:3      | Found a runed door.
  2392 | D:4      | Noticed Menkaure
  2400 | D:4      | Killed Menkaure
  2400 | D:4      | Reached skill level 6 in Axes
  2400 | D:4      | Reached XP level 6. HP: 26/53 MP: 5/5
  2806 | D:4      | Reached skill level 7 in Axes
  2957 | D:4      | Found a snail-covered altar of Cheibriados.
  3059 | D:4      | Reached skill level 5 in Fighting
  3059 | D:4      | Reached XP level 7. HP: 59/61 MP: 6/6
  3251 | D:5      | Entered Level 5 of the Dungeon
  3469 | D:5      | Reached skill level 8 in Axes
  3474 | D:5      | Reached skill level 5 in Armour
  3548 | D:5      | Reached XP level 8. HP: 50/70 MP: 7/7
  3663 | D:5      | Found Ziluexte's Armour Boutique.
  3667 | D:5      | Bought a +0 cloak of magic resistance for 126 gold pieces
  3674 | D:5      | Reached skill level 9 in Axes
  4250 | D:6      | Found a sand-covered staircase.
  4284 | Ossuary  | Entered an ossuary
  4444 | Ossuary  | Reached skill level 10 in Axes
  4593 | D:6      | Found a glowing silver altar of Zin.
  4695 | D:6      | Noticed Eustachio
  4713 | D:6      | Killed Eustachio
  4851 | D:6      | Found an ancient bone altar of Kikubaaqudgha.
  4851 | D:6      | Found a deep blue altar of Sif Muna.
  4852 | D:6      | Found a glowing golden altar of the Shining One.
  4974 | D:6      | Reached XP level 9. HP: 78/79 MP: 8/8
  4987 | D:6      | Found a deep blue altar of Sif Muna.
  5454 | D:7      | Reached skill level 11 in Axes
  5630 | D:7      | Found a hazy altar of Hepliaklqana.
  5829 | D:7      | Found a staircase to the Ecumenical Temple.
  6158 | D:7      | Found a shattered altar of Ashenzari.
  6522 | D:8      | Found an opulent altar of Gozag.
  6570 | Temple   | Entered the Ecumenical Temple
  6842 | Temple   | Became a worshipper of Warmaster Okawaru
  6892 | D:8      | Found a sacrificial altar of Ru.
  6905 | D:8      | Reached skill level 12 in Axes
  7023 | D:8      | Reached skill level 1 in Invocations
  7178 | D:8      | Reached XP level 10. HP: 79/90 MP: 10/10
  7509 | D:9      | Noticed a two-headed ogre
  7546 | D:9      | Killed a two-headed ogre
  7546 | D:9      | Reached * piety under Okawaru
  8247 | D:9      | Reached ** piety under Okawaru
  8790 | D:10     | Entered Level 10 of the Dungeon
  8790 | D:10     | Noticed Maurice
  8798 | D:10     | Killed Maurice
  8798 | D:10     | Reached skill level 13 in Axes
  8889 | D:10     | Noticed a purple ugly thing
  8901 | D:10     | Killed a purple ugly thing
  9118 | D:10     | Reached skill level 5 in Invocations
  9151 | D:10     | Reached *** piety under Okawaru
  9444 | D:10     | Found a staircase to the Lair.
  9474 | D:10     | Reached XP level 11. HP: 72/99 MP: 14/14
  9698 | D:10     | Slain by a crocodile

Skill      XL: |  1  2  3  4  5  6  7  8  9 10 |
---------------+-------------------------------+-----
Axes           | 4 5 6 7 8 10 12 13 | 13.5
Armour         | 1 2 3 4 5 6 8 9 |  9.5
Fighting       | 3 4 5 6 7 8 9 |  9.8
Invocations    | 2 5 |  5.7
Throwing       | |  2.0
Dodging        | |  3.2

Action                   |  1- 3 |  4- 6 |  7- 9 | 10-12 || total
-------------------------+-------+-------+-------+-------++-------
Melee: War axe           |    61 |   128 |   213 |       ||   402
       Headbutt          |    10 |    24 |    63 |    37 ||   134
       Battleaxe         |       |       |   115 |   157 ||   272
Invok: Heroism           |       |       |       |     1 ||     1
Evoke: Wand              |       |       |       |     8 ||     8
  Use: Potion            |     1 |       |       |       ||     1
       Scroll            |       |     2 |     8 |    12 ||    22
 Stab: Distracted        |       |       |     1 |       ||     1
       Paralysed         |       |       |       |     9 ||     9
  Eat: Chunk             |     1 |     6 |    13 |     8 ||    28
Armor: Leather armour    |    20 |       |       |       ||    20
       Chain mail        |       |    77 |   184 |    74 ||   335
Dodge: Dodged            |    51 |    45 |   155 |    50 ||   301
       Deflected         |       |       |     2 |       ||     2
